 Dungeon Crawl Stone Soup version 0.31.0-12-g77e489cdc1 (webtiles) character file.

Game seed: 8363357505423540941

627 Doomgape the Ruffian (level 7, -5/68 HPs)
             Began as a Troll Shapeshifter on Feb 18, 2024.
             Slain by an orc warrior
             ... wielding a +0 scimitar
              (6 damage)
             ... on level 6 of the Dungeon.
             The game lasted 00:06:53 (2961 turns).

Doomgape the Ruffian (Troll Shapeshifter)           Turns: 2961, Time: 00:06:53

Health: -5/68      AC:  5    Str: 25    XL:     7   Next: 23%
Magic:  6/6        EV:  9    Int:  6    God:
Gold:   134        SH:  0    Dex:  9    Spells: 6/6 levels left

rFire   . .          .
                       - Unarmed
rCold   . . .        (no shield)
rNeg    . . .        a - +1 animal skin
rPois   .            (helmet currently unavailable)
rElec   .            (cloak currently unavailable)
rCorr   .            (gloves unavailable)
SInv    +            (boots unavailable)
Will    .....        (no amulet)
Stlth   +            (no ring)
HPRegen 1.11/turn    (no ring)
MPRegen 0.10/turn

%: no passive effects
@: beast-form
A: beast (slay +2), large, unfitting armour, claws 3, regeneration 1, shaggy fur
1, tough skin 1
a: Begin Untransformation


You were on level 6 of the Dungeon.
You were a hulking beast.
You visited 1 branch of the dungeon, and saw 5 of its levels.

You collected 134 gold pieces.

Inventory:

Missiles
 g - 3 javelins (quivered)
Armour
 a - a +1 animal skin (worn)
Jewellery
 h - a ring of fire
 n - a ring of protection from fire
Talismans
 c - a beast talisman
 d - a flux talisman
Scrolls
 k - 2 scrolls of identify
 o - a scroll of fear {unknown}
Potions
 b - a potion of lignification
 e - 4 potions of curing
 f - a potion of might {unknown}
 i - a potion of heal wounds {unknown}
 j - 2 potions of mutation {unknown}
 l - 2 potions of brilliance {unknown}
 p - 2 potions of berserk rage {unknown}


   Skills:
 + Level 3.7 Fighting
 - Level 1.5 Dodging
 + Level 5.3 Unarmed Combat
 + Level 5.0 Shapeshifting


You had 6 spell levels left.
You didn't know any spells.
Your spell library contained the following spells:

 Spells                   Type           Power      Damage    Failure   Level
 Kiss of Death            Conj/Necr      0%         2d5       45%         1
 Confusing Touch          Hex            0%         N/A       83%         3
 Ozocubu's Armour         Ice            0%         N/A       83%         3
 Dispel Undead            Necr           0%         3d6       99%         4
 Metabolic Englaciation   Hex/Ice        0%         N/A       100%        5
 Sculpt Simulacrum        Ice/Alch       0%         N/A       100%        6


Dungeon Overview and Level Annotations

Branches:
Dungeon (4/15)
 Temple: D:4-7

Altars:
Ashenzari


Innate Abilities, Weirdness & Mutations

You are a hulking beast.
Your limbs bulge with bestial killing power. (Slay +2)
You are too large for most types of armour.
You have claws for hands.
Your natural rate of healing is unusually fast.
You are covered in fur. (AC +1)
You have tough skin. (AC +1)


Message History

A bombardier beetle comes into view.
The orc wizard casts a spell at you. You resist with some effort.
The orc closely misses you.
Unknown command.
You closely miss the orc wizard. The orc barely misses you.
The orc wizard gestures wildly while chanting.
The orc wizard flickers and vanishes!
Deactivating autopickup; reactivate with Ctrl-A.
The orc wizard mumbles some strange words.
The orc wizard flickers and vanishes!
The orc wizard casts a spell.
The orc wizard flickers and vanishes!
An orc warrior comes into view. It is wielding a +0 scimitar.
You miss something.
An ogre comes into view. It is wielding a +0 giant spiked club.
Something hits you. The orc hits you with a +0 club.
Unknown command.
You scratch something.
The sentinel's mark upon you fades away.
The orc closely misses you.
You hear some strange, mumbled words.
Something tries to affect you, but you resist.
Unknown command.
You miss something.
Unknown command.
You claw something!
Reactivating autopickup.
You feel a bit more experienced. The orc misses you.
Something hits you but does no damage.
Deactivating autopickup; reactivate with Ctrl-A.
The orc warrior hits you with a +0 scimitar!
* * * LOW HITPOINT WARNING * * *
Unknown command.
As you read the scroll labelled VAMOLO NYEM, it crumbles to dust.
You feel aware of your surroundings.
It was a scroll of revelation.
The ogre hits you with a +0 giant spiked club!
* * * LOW HITPOINT WARNING * * *
The orc wizard completely misses you.
The orc warrior hits you with a +0 scimitar.
You die...

*###........** *
###..#.........**** **
#####.............*,,*****,
#..####.......##..,,,,**,,,
#...#.##)......>..,,,,,,,,,
#......##.........,,,,,,,,,
**##.....))).!.....#,,,,,,,,,
*,#..#...)†o.......#,,,,,,,*,
**.#.....)###ho.....#,,,,,,,,,
*,........#.#oO......,,,,,,,*,
*.....#.....o.B......,,,,*,,*,
**..####..............,,,,*,,,,
**,,,**#...............,,,,,****
*,,,,*~#...........###.,,*,,,**,
*,,,.#≈#...........###.,**,,,,,,
**,,,..~.............##.,*,,,,,,,
*,,,,..~.............,,,,,,,,,,,,


You could see an orc warrior, an ogre, a bombardier beetle, 2 orc wizards and an
orc.

Vanquished Creatures
  A phantom (D:4)
  2 scorpions
  2 orc priests
  A hound (D:6)
  An iguana (D:6)
  2 orc wizards
  9 gnolls
  8 adders
  A white imp (D:6)
  A dart slug (D:1)
  A ribbon worm (D:3)
  9 orcs
  10 ball pythons
  7 endoplasms
  2 giant cockroaches
  14 goblins
  7 hobgoblins
  3 quokkas
  9 bats
  3 frilled lizards
  7 kobolds
  8 rats
108 creatures vanquished.

Notes
Turn   | Place    | Note
-------+----------+-------------------------------------------
     0 | D:1      | Doomgape the Troll Shapeshifter began the quest for the
                  | Orb.
     0 | D:1      | Reached XP level 1. HP: 18/18 MP: 0/0
    46 | D:1      | Reached skill level 1 in Fighting
    96 | D:1      | Reached XP level 2. HP: 27/27 MP: 1/1
   541 | D:1      | Reached XP level 3. HP: 33/33 MP: 2/2
   997 | D:2      | Reached XP level 4. HP: 30/42 MP: 3/3
  1180 | D:2      | Reached XP level 5. HP: 50/50 MP: 4/4
  1293 | D:2      | Found a broken altar of Ashenzari.
  2640 | D:4      | Reached XP level 6. HP: 45/59 MP: 5/5
  2905 | D:4      | Reached skill level 5 in Unarmed Combat
  2913 | D:4      | You fall into a shaft and drop 2 floors!
  2929 | D:6      | Reached XP level 7. HP: 67/67 MP: 6/6
  2947 | D:6      | Reached skill level 5 in Shapeshifting
  2961 | D:6      | HP: 1/68 [ogre/+0 giant spiked club (16)]
  2961 | D:6      | Slain by an orc warrior

Illustrated notes

Levels and vault maps discovered:
D:1:      dpeg_arrival_rooms_with_view, layout_basic, serial_curves,
          eino_curves_03, eino_curves_03
D:2:      cheibrodos_pilgrimage, layout_loops_corners, basic_altar
D:3:      layout_loops_ring
D:4:      minmay_diamond_boxcup, layout_basic, uniq_sigmund
D:6:      layout_cave_pools, chequers_serial_rivers_micro_a,
          uniq_crazy_yiuf_cottage

Skill      XL: |  1  2  3  4  5  6  7 |
---------------+----------------------+-----
Fighting       | 1 2 3 |  3.7
Unarmed Combat | 4 5 |  5.3
Shapeshifting  | 4 5 |  5.0
Dodging        | |  1.5

Action                     |  1- 3 |  4- 6 |  7- 9 || total
---------------------------+-------+-------+-------++-------
  Melee: Unarmed           |    74 |   159 |    16 ||   249
         Punch             |     2 |     2 |       ||     4
    Use: Scroll            |     3 |     1 |     1 ||     5
 Armour: Animal skin       |    52 |   106 |    20 ||   178
  Dodge: Dodged            |    29 |    56 |    11 ||    96
